 Dungeon Crawl Stone Soup version 0.21.0-3-g78d12a8 (webtiles) character file.

83 letownia2 the Ruffian (level 4, -5/28 HPs)
             Began as a Gargoyle Fighter on Jan 11, 2018.
             Slain by skk's ghost (11 damage)
             ... on level 4 of the Dungeon.
             The game lasted 00:03:00 (1115 turns).

letownia2 the Ruffian (Gargoyle Fighter)            Turns: 1115, Time: 00:03:00

Health: -5/28      AC: 11    Str: 19    XL:     4   Next: 44%
Magic:  4/4        EV: 10    Int: 10    God:
Gold:   48         SH:  0    Dex:  9    Spells: 3/3 levels left

rFire    . . .     SeeInvis .     - Unarmed
rCold    . . .     Gourm    .   (no shield)
rNeg     + . .     Faith    .   a - +0 scale mail
rPois    ∞         Spirit   .   (no helmet)
rElec    +         Reflect  .   e - scarf {cloud immunity}
rCorr    .         Harm     .   r - +0 pair of gloves (curse)
MR       .....                  (no boots)
Stlth    ..........             (no amulet)
HPRegen  0.09/turn              (no ring)
MPRegen  0.09/turn              (no ring)

@: no status effects
A: negative energy resistance 1, electricity resistance, unbreathing,
petrification resistance, rot immunity, AC +3
a: no special abilities


You were on level 4 of the Dungeon.
You were not hungry.

You visited 1 branch of the dungeon, and saw 4 of its levels.

You collected 48 gold pieces.

Inventory:

Armour
 a - a +0 scale mail (worn)
 b - a +0 shield
 e - a scarf of cloud immunity (worn)
 r - a cursed +0 pair of gloves (worn)
Scrolls
 f - a scroll of enchant armour {unknown}
 h - a scroll of remove curse {unknown}
 i - 2 scrolls of identify {unknown}
 j - a scroll of enchant weapon {unknown}
 k - a scroll of amnesia {unknown}
 n - a scroll of noise {unknown}
 o - a scroll of teleportation {unknown}
Potions
 c - a potion of might
 g - a potion of curing {unknown}
 l - a potion of magic {unknown}
 m - a potion of brilliance {unknown}
 p - a potion of flight {unknown}
 q - a potion of heal wounds {unknown}
Comestibles
 d - 2 rations
 s - 2 chunks of flesh


   Skills:
 - Level 3.2 Fighting
 - Level 3.2 Armour
 - Level 1.0 Dodging
 - Level 0.1 Stealth
 - Level 3.2 Shields
 + Level 4.2 Unarmed Combat


You had 3 spell levels left.
You didn't know any spells.

Dungeon Overview and Level Annotations

Branches:
Dungeon (4/15)
 Temple: D:4-7

Altars:
Ru

Shops:
D:4 =

Annotations:
D:4 Eustachio; skk's ghost, novice FoFi


Innate Abilities, Weirdness & Mutations

You are resistant to torment.
Your stone body is resilient. (AC +3)
You are immune to poison.
You resist negative energy. (rN+)
You are resistant to electric shocks. (rElec)
You can survive without breathing.
You are immune to petrification.
You are immune to rotting.


Message History

You hit skk's ghost.
Skk's ghost is moderately damaged.
Skk's ghost barely misses you.
You punch skk's ghost!
Skk's ghost is heavily damaged.
Skk's ghost hits you!
* * * LOW HITPOINT WARNING * * *
You hit skk's ghost but do no damage.
Skk's ghost is heavily damaged.
Skk's ghost misses you.
You hit skk's ghost.
Skk's ghost is heavily damaged.
Skk's ghost hits you but does no damage.
You hit skk's ghost but do no damage.
Skk's ghost is heavily damaged.
Skk's ghost hits you but does no damage.
You barely miss skk's ghost.
Skk's ghost is heavily damaged.
Skk's ghost hits you!
You die...

#......<...÷####.#.#
#..#.......#........
##.....##...#..## ..#
########...#.... ..#
#...#...# ..
###.#.... . #.#.#..
########## #.....>
#..wW@...# #.#####
############.######.#
#.#....
...w.........# ###
#.#.#..
##############
#.#...# ####.#....
........<.
#####.#....
...........
#######.###.###


You could see a worm and skk's ghost.

Vanquished Creatures
  4 adders
  3 oozes
  2 leopard geckos (D:2)
  An orc (D:4)
  4 giant cockroaches
  2 hobgoblins
  7 jackals
  A ball python (D:3)
  A bat (D:2)
  3 frilled lizards
  2 kobolds (D:2)
  2 rats
32 creatures vanquished.

Notes
Turn   | Place    | Note
-------+----------+-------------------------------------------
     0 | D:1      | letownia2 the Gargoyle Fighter began the quest for the Orb.
     0 | D:1      | Reached XP level 1. HP: 14/14 MP: 1/1
   104 | D:2      | Reached XP level 2. HP: 19/19 MP: 2/2
   201 | D:2      | Reached skill level 3 in Unarmed Combat
   279 | D:2      | Reached XP level 3. HP: 22/23 MP: 3/3
   406 | D:2      | Found a sacrificial altar of Ru.
   459 | D:2      | Reached skill level 1 in Dodging
   568 | D:3      | Reached XP level 4. HP: 25/28 MP: 4/4
   673 | D:4      | Reached skill level 4 in Unarmed Combat
   687 | D:4      | Noticed Eustachio
   916 | D:4      | Found Kunuafuc's Jewellery Boutique.
  1050 | D:4      | Noticed skk's ghost (novice FoFi)
  1115 | D:4      | Slain by skk's ghost

Skill      XL: |  1  2  3  4 |
---------------+-------------+-----
Unarmed Combat | 3 4 |  4.2
Dodging        | 1 |  1.0
Fighting       | |  3.2
Armour         | |  3.2
Stealth        | |  0.1
Shields        | |  3.2

Action                   |  1- 3 |  4- 6 || total
-------------------------+-------+-------++-------
Melee: Unarmed           |   140 |    63 ||   203
       Punch             |     2 |     3 ||     5
  Eat: Chunk             |       |     1 ||     1
Armor: Scale mail        |    83 |    30 ||   113
Dodge: Dodged            |    77 |    27 ||   104
